 Dungeon Crawl Stone Soup version 0.30.0 (webtiles) character file.

Game seed: 12487506694771229076

50 sillygoose99 the Ogre Mage (level 3, -7/28 (31) HPs)
             Began as an Ogre Hedge Wizard on May 6, 2023.
             Killed by divine providence
             ... invoked by an orc priest
              (13 damage)
             ... on level 3 of the Dungeon.
             The game lasted 00:05:34 (3311 turns).

sillygoose99 the Ogre Mage (Ogre Hedge Wizard)      Turns: 3311, Time: 00:05:35

HP:   -7/28 (31)    AC:  3    Str: 14    XL:     3   Next: 79%
MP:   7/9           EV: 14    Int: 17    God:
Gold: 16            SH:  0    Dex:  8    Spells: 5/11 levels left

rFire   . . .        k - +2 dagger (drain)
rCold   . . .        (no shield)
rNeg    . . .        h - +0 robe
rPois   .            c - +0 hat
rElec   .            (no cloak)
rCorr   .            (gloves unavailable)
SInv    .            (boots unavailable)
Will    .....        (no amulet)
Stlth   +            m - +5 ring of evasion
HPRegen 0.24/turn    (no ring)
MPRegen 0.11/turn

%: no passive effects
@: very slightly contaminated, drained
A: large, unfitting armour, tough skin 1
a: no special abilities


You were on level 3 of the Dungeon.
You visited 1 branch of the dungeon, and saw 3 of its levels.

You collected 66 gold pieces.
You spent 50 gold pieces at shops.

Inventory:

Hand Weapons
 a - a +0 dagger
 k - a +2 dagger of draining (weapon)
 p - a +1 dagger of draining
Armour
 c - a +0 hat (worn)
 h - a +0 robe (worn)
 o - a +2 pair of gloves
Jewellery
 m - a +5 ring of evasion (left hand)
 r - an amulet of the acrobat
Scrolls
 g - 2 scrolls of identify {unknown}
 j - a scroll of fog {unknown}
 n - a scroll of magic mapping {unknown}
 q - a scroll of vulnerability {unknown}
Potions
 b - 2 potions of curing
 d - a potion of magic
 e - a potion of flight {unknown}
 f - 2 potions of heal wounds
 i - a potion of ambrosia {unknown}
 l - a potion of berserk rage {unknown}


   Skills:
 + Level 0.1 Fighting
 + Level 2.2 Dodging
 + Level 1.6 Stealth
 + Level 4.5 Spellcasting
 + Level 1.4 Conjurations
 + Level 0.8 Summonings
 + Level 0.8 Translocations


You had 5 spell levels left.
You knew the following spells:

 Your Spells              Type           Power      Damage    Failure   Level
a - Magic Dart            Conj           32%        1d4       9%          1
b - Blink                 Tloc           12%        N/A       16%         2
c - Call Imp              Summ           12%        N/A       16%         2
d - Slow                  Hex            12%        N/A       16%         1

Your spell library contained the following spells:

 Spells                   Type           Power      Damage    Failure   Level
 Summon Small Mammal      Summ           24%        N/A       11%         1
 Cigotuvi's Dreadful Rot  Necr/Pois/Air  6%         N/A       22%         2
 Call Canine Familiar     Summ           6%         N/A       32%         3
 Mephitic Cloud           Conj/Pois/Air  5%         N/A       36%         3
 Summon Guardian Golem    Hex/Summ       5%         N/A       36%         3


Dungeon Overview and Level Annotations

Branches:
Dungeon (3/15)

Altars:

Shops:
D:1 (   D:2 !


Innate Abilities, Weirdness & Mutations

You are too large for most types of armour.
You have tough skin. (AC +1)


Message History

The orc shouts!
The bat hits you. x2; The orc throws a boomerang.
The boomerang closely misses you.
The orc priest mumbles some strange prayers to Beogh against you.
Beogh smites you!
The orc shouts!
You climb upwards.
There is a stone staircase leading down here.
You start resting.
Your magical contamination has completely faded away.
You start resting.
Magic restored.
You start resting.
HP restored.
You start waiting.
Done waiting.
You start waiting.
Done waiting.
You start waiting.
Done waiting.
You start waiting.
Done waiting.
There is a stone staircase leading down here.
You climb downwards.
The orc priest mumbles some strange prayers to Beogh against you.
Beogh smites you! The worm misses you.
The kobold shouts!
There is a stone staircase leading up here.
Casting: Call Imp (safe; 16% risk of failure)
Confirm with . or Enter, or press ? or * to list all spells.
You miscast Call Imp.
You are very lightly contaminated with residual magic.
Nothing appears to happen.
The bat hits you.
The orc priest invokes the aid of Beogh against you.
Beogh smites you!
* * * LOW HITPOINT WARNING * * *
The bat misses you.
The kobold throws a stone.
The stone misses you.
The orc priest mumbles some strange prayers to Beogh against you.
Beogh smites you!
You die...

..# o..#
########...#
.......o..#
#.........#
#...booK..#
#..w......#
#..@......#
#.........##.#
...##......# #
#......#
#......#
#<.....#
#####.## .$


You could see a worm, an orc priest, 3 orcs, a bat and a kobold.

Vanquished Creatures
  A worm (D:2)
  2 ball pythons
  5 bats
  7 endoplasms
  A giant cockroach (D:1)
  2 hobgoblins (D:1)
  3 kobolds
  4 quokkas
  A frilled lizard (D:2)
  6 goblins
  2 rats (D:1)
34 creatures vanquished.

Vanquished Creatures (collateral kills)
  A dart slug (D:2)
  A ball python (D:2)
  An endoplasm (D:2)
  A kobold (D:2)
  A bat (D:1)
5 creatures vanquished.

Grand Total: 39 creatures vanquished

Notes
Turn   | Place    | Note
-------+----------+-------------------------------------------
     0 | D:1      | sillygoose99 the Ogre Hedge Wizard began the quest for the
                  | Orb.
     0 | D:1      | Reached XP level 1. HP: 16/16 MP: 5/5
   328 | D:1      | Reached skill level 4 in Spellcasting
   328 | D:1      | Reached XP level 2. HP: 24/24 MP: 0/7
   645 | D:1      | Found Tuoseof's Weapon Emporium.
  1036 | D:1      | Learned a level 2 spell: Blink
  1039 | D:1      | Learned a level 2 spell: Call Imp
  1041 | D:1      | Learned a level 1 spell: Slow
  1132 | D:1      | Reached skill level 1 in Conjurations
  1241 | D:1      | Reached XP level 3. HP: 31/31 MP: 3/8
  2336 | D:2      | Found Dadev's Distillery.
  2343 | D:2      | Bought a potion of heal wounds for 50 gold pieces
  3311 | D:3      | Killed from afar by an orc priest

Illustrated notes

Levels and vault maps discovered:
D:1:      dpeg_cavernosity, layout_basic, serial_shops, shop
D:2:      layout_basic, serial_shops, shop, small_statue_intersection
D:3:      layout_rooms, supply_closet_lemuel

Skill      XL: |  1  2 |
---------------+-------+-----
Spellcasting   | 4 |  4.5
Dodging        | 2 |  2.2
Conjurations   | 1 |  1.4
Fighting       | |  0.1
Stealth        | |  1.6
Summonings     | |  0.8
Translocations | |  0.8

Action                     || total
---------------------------++-------
  Melee: Dagger            ||    45
         Punch             ||     2
   Cast: Magic Dart        ||    76
         Call Imp          ||     5
         Slow              ||     1
    Use: Potion            ||     1
 Armour: Robe              ||    21
  Dodge: Dodged            ||    51
